 Dungeon Crawl Stone Soup version 0.18-a0-1197-g8004e50 (webtiles) character file.

18 4thArraOfDagon the Ducker (level 2, -1/14 HPs)
             Began as a Felid Abyssal Knight on Jan 31, 2016.
             Was a Follower of Lugonu.
             Slain by a giant frog (6 damage)
             ... on level 7 of the Dungeon.
             The game lasted 00:03:17 (513 turns).

4thArraOfDagon the Ducker (Felid Abyssal Knight)     Turns: 513, Time: 00:03:18

Health: -1/14      AC:  1    Str:  8    XL:     2   Next: 51%
Magic:  4/4        EV: 18    Int: 13    God:    Lugonu [*.....]
Gold:   84         SH:  0    Dex: 15    Spells: 0 memorised, 1 level left
                                        Lives:  0   Deaths: 0

rFire  . . .     SeeInvis +       - Unarmed
rCold  . . .     Gourm    .     (armour unavailable)
rNeg   . . .     Faith    .     (shield unavailable)
rPois  .         Spirit   .     (helmet unavailable)
rElec  .         Dismiss  .     (cloak unavailable)
rCorr  .         Reflect  .     (gloves unavailable)
SustAt .         Harm     .     (boots unavailable)
MR     .....                    (no amulet)
Stlth  ++........               (no ring)
                                (no ring)

@: quick, not resistant to hostile enchantments, unstealthy
A: no armour, no weapons or thrown items, claws 1, fangs 3, see invisible,
carnivore 3, speed 1, shaggy fur 1, slow metabolism 1, sharp paws
a: Depart the Abyss, Renounce Religion


You were on level 7 of the Dungeon.
You worshipped Lugonu.
Lugonu was aware of your devotion.
You were very full.

You visited 1 branch of the dungeon, and saw 7 of its levels.
You visited the Abyss 1 time.

You collected 84 gold pieces.

Inventory:

Potions
 d - a potion of magic
 e - 2 potions of curing
Miscellaneous
 b - a phantom mirror
Comestibles
 a - a meat ration
 c - a beef jerky


   Skills:
 + Level 3.3 Fighting
 + Level 3.3 Dodging
 * Level 1.7 Stealth
 * Level 2.2 Unarmed Combat
 + Level 1.9 Invocations


You had one spell level left.
You didn't know any spells.

Dungeon Overview and Level Annotations

Branches:
Dungeon (8/15)
 Temple: D:4-7         Lair: D:8-11

Altars:

Shops:
D:4 :

Annotations:
D:4 Shaidar413's ghost, amateur TrBe


Innate Abilities, Weirdness & Mutations

You cannot wear armour.
You are incapable of wielding weapons or throwing items.
You have sharp claws.
You have razor-sharp teeth.
You have supernaturally acute eyesight.
You are carnivorous and can eat meat at any time.
You cover ground quickly.
You are covered in fur (AC +1).
You have a slow metabolism.
Your sharp claws are effective at attacking unaware monsters.


Message History

It is a scroll of identify.
Identify which item? (\ to view known items) (? for menu, Esc to quit)
d - a potion of magic A jackal comes into view.
You see here 18 gold pieces.
Unknown command.
You now have 84 gold pieces (gained 18).
Unknown command.
Found a royal jelly.
A giant frog comes into view.
The giant frog croaks.
The giant frog moves out of view.
Unknown command.
Unknown command.
Unknown command.
Unknown command.
You closely miss the giant frog. The giant frog misses you.
You closely miss the giant frog. The giant frog hits you. x2
You closely miss the giant frog. The giant frog hits you.
You die...

#.# #.# #.## #.#.
####
############.#.
#...##
#.............(
#.#...#
#.##########...
#... #.###.######
#...
#.F###@........h.
....
#.#F###.######.
.... ##.## ..#
...Z ### .##
###.. #. .. #. #.


You could see a giant frog.

Vanquished Creatures
  An adder skeleton (D:7)
  A giant gecko (D:1)
  A giant cockroach (D:3)
  3 goblins
  A hobgoblin (D:1)
  A kobold (D:1)
  A ball python (D:1)
  3 bats
  3 giant newts
  A rat (D:3)
16 creatures vanquished.

Notes
Turn   | Place    | Note
--------------------------------------------------------------
     0 | Abyss:1  | 4thArraOfDagon the Felid Abyssal Knight began the quest for the Orb.
     0 | Abyss:1  | Reached XP level 1. HP: 10/10 MP: 3/3
    43 | Abyss:2  | Noticed a green death
    52 | Abyss:2  | Noticed a wretched star
    58 | D:1      | Escaped the Abyss
   112 | D:1      | Reached skill level 1 in Stealth
   223 | D:1      | Reached * piety under Lugonu
   229 | D:1      | Reached XP level 2. HP: 4/14 MP: 4/4
   326 | D:4      | Found Sutut's Book Shoppe.
   327 | D:4      | Noticed Shaidar413's ghost (amateur TrBe)
   386 | D:3      | You fall through a shaft for 3 floors!
   397 | D:6      | Noticed a crimson imp
   397 | D:6      | Noticed a scorpion
   409 | D:6      | Noticed an ogre
   441 | D:8      | Noticed an ogre
   507 | D:7      | Noticed a giant frog
   513 | D:7      | Slain by a giant frog

Vault maps used:
D:1:      nagdon_arrival_zigzag_paths
D:4:      cheibriados_altar_1, serial_shops, shop, shop_coins,
          serial_bayou_lagoon_a, uniq_natasha
D:6:      kennysheep_mini_moat, serial_shops, shop_statue, shop, shop, shop,
          hangedman_decor_slide_cut, johnstein_pakellas_shop
D:7:      zin_statuary, uniq_duvessa, uniq_menkaure
D:8:      nicolae_ossuary_entry_monument

Action                   || total
-------------------------++-------
Melee: Unarmed           ||    39
Invok: Depart the Abyss  ||     1
  Use: Potion            ||     2
       Scroll            ||     4
 Stab: Sleeping          ||     3
  Eat: Chunk             ||     6
